 Dungeon Crawl Stone Soup version 0.26.1-10-gdfb7c7de75 (webtiles) character file.

Game seed: 18255810868356353968

223 H0rd4k the Charlatan (level 6, 0/44 HPs)
             Began as a Human Artificer on Apr 12, 2021.
             Slain by an orc wizard
             ... wielding a +0 dagger
              (5 damage)
             ... on level 3 of the Dungeon.
             The game lasted 00:03:34 (4667 turns).

H0rd4k the Charlatan (Human Artificer)              Turns: 4667, Time: 00:03:35

Health: 0/44       AC:  3    Str: 14    XL:     6   Next: 20%
Magic:  6/6        EV: 12    Int: 11    God:
Gold:   174        SH:  0    Dex: 14    Spells: 5/5 levels left

rFire    . . .     SeeInvis .   i - +0 dagger
rCold    . . .     Faith    .   (no shield)
rNeg     . . .     Spirit   .   b - +0 leather armour
rPois    .         Reflect  .   (no helmet)
rElec    .         Harm     .   (no cloak)
rCorr    .         Rampage  .   (no gloves)
Will     .....                  (no boots)
Stlth    ++........             (no amulet)
HPRegen  0.14/turn              (no ring)
MPRegen  0.10/turn              (no ring)

@: slowed, very slow
A: no striking features
a: no special abilities


You were on level 3 of the Dungeon.
You visited 1 branch of the dungeon, and saw 3 of its levels.

You collected 174 gold pieces.

Inventory:

Hand Weapons
 i - a +0 dagger (weapon)
Armour
 b - a +0 leather armour (worn)
Wands
 d - a wand of enslavement (6)
 e - a wand of random effects (13)
Scrolls
 a - a scroll of blinking {unknown}
 g - a scroll of noise {unknown}
 j - a scroll of identify {unknown}
 k - 3 scrolls of teleportation {unknown}
 n - a scroll of immolation {unknown}
Potions
 f - a potion of attraction {unknown}
 h - a potion of degeneration {unknown}
 l - a potion of magic {unknown}
 m - a potion of mutation {unknown}
 o - a potion of heal wounds {unknown}
 p - a potion of curing {unknown}


   Skills:
 + Level 1.6 Fighting
 + Level 2.0 Short Blades
 + Level 3.2 Armour
 + Level 2.3 Dodging
 + Level 2.0 Stealth
 + Level 4.3 Evocations


You had 5 spell levels left.
You didn't know any spells.
Your spell library contained the following spells:

 Spells                   Type           Power        Failure   Level
 Confusing Touch          Hex            0%           78%         3
 Gell's Gravitas          Tloc           0%           78%         3
 Petrify                  Tmut/Erth      0%           99%         4
 Metabolic Englaciation   Hex/Ice        0%           100%        5
 Yara's Violent Unravell  Hex/Tmut       0%           100%        5


Dungeon Overview and Level Annotations

Branches:
Dungeon (3/15)

Altars:
Trog


Message History

You hit the orc wizard.
The orc wizard is lightly wounded.
The orc wizard hits you but does no damage.
You hear some strange, mumbled words.
A magic dart appears from out of thin air!
The magic dart hits you!
* * * LOW HITPOINT WARNING * * *
The orc wizard hits you with a +0 dagger.
* * * LOW HITPOINT WARNING * * *
Aiming: Enslavement
Press: ? - help, Shift-Dir - straight line The orc wizard resists with significant effort.
Something hits you.
* * * LOW HITPOINT WARNING * * *
The orc wizard barely misses you. Something completely misses you.
Unknown command.
Aiming: Enslavement
Press: ? - help, Shift-Dir - straight line The orc wizard is charmed.
Something hits you.
You die...

...oo.....########
...o..............
##.######.########
. #.#
#######)########
.......)........
#######)########
#{# . #@# . #o# .
#.# # #.# ### #.#
..##### #.#
..+...# #.#
..###.# #######.#
......# #.......#


You could see a friendly orc wizard (charmed).

Vanquished Creatures
  2 orc wizards
  An orc priest (D:3)
  A gnoll (D:2)
  4 adders
  An ooze (D:1)
  A leopard gecko (D:2)
  8 orcs
  4 giant cockroaches
  8 goblins
  5 hobgoblins
  6 kobolds
  4 quokkas
  A ball python (D:3)
  2 bats
  A frilled lizard (D:1)
  7 rats
56 creatures vanquished.

Vanquished Creatures (collateral kills)
  2 gnolls (D:2)
2 creatures vanquished.

Vanquished Creatures (others)
  2 orc priests (D:2)
  A gnoll (D:2)
3 creatures vanquished.

Grand Total: 61 creatures vanquished

Notes
Turn   | Place    | Note
-------+----------+-------------------------------------------
     0 | D:1      | H0rd4k the Human Artificer began the quest for the Orb.
     0 | D:1      | Reached XP level 1. HP: 15/15 MP: 1/1
   141 | D:1      | Reached XP level 2. HP: 14/21 MP: 2/2
  1131 | D:1      | Reached XP level 3. HP: 8/26 MP: 3/3
  1909 | D:2      | Reached skill level 4 in Evocations
  2084 | D:2      | Killed an orc wizard
  2085 | D:2      | Reached XP level 4. HP: 21/32 MP: 4/4
  2451 | D:2      | Found a bloodstained altar of Trog.
  2667 | D:2      | Reached XP level 5. HP: 37/37 MP: 5/5
  4105 | D:3      | Reached skill level 1 in Short Blades
  4653 | D:3      | Reached XP level 6. HP: 44/44 MP: 6/6
  4667 | D:3      | Slain by an orc wizard

Illustrated notes

Levels and vault maps discovered:
D:1:      dpeg_chamrin_arrival_tetris, layout_basic, minivault_27
D:2:      cheibrodos_pilgrimage, layout_basic, kennysheep_cross_room,
          trog_butcher_becter
D:3:      layout_basic

Skill      XL: |  1  2  3  4  5 |
---------------+----------------+-----
Evocations     | 4 |  4.3
Dodging        | 2 |  2.3
Armour         | 3 |  3.2
Short Blades   | 2 |  2.0
Stealth        | 2 |  2.0
Fighting       | |  1.6

Action                   |  1- 3 |  4- 6 || total
-------------------------+-------+-------++-------
Melee: Club              |    58 |       ||    58
       Dagger            |    50 |   169 ||   219
Evoke: Wand              |    11 |    15 ||    26
  Use: Scroll            |       |     1 ||     1
 Stab: Sleeping          |     1 |     5 ||     6
       Distracted        |     1 |       ||     1
Armor: Leather armour    |    31 |    18 ||    49
Dodge: Dodged            |    68 |    90 ||   158
